TOP OF THE 1ST |
Chicago White Sox batting - Pitching for Baltimore Orioles : RHP Danny Cox
|
Pitching: RHP Danny Cox
|
|
Batting: SHB Ozzie Smith
|
0-0: DOUBLE (Line Drive, 89D, EV 103.1 MPH)
|
Batting: SHB Dwayne Taggart
|
0-0: Called Strike 0-1: Ground out 6-3 (Groundball, 6, EV 103.1 MPH)
|
Batting: RHB Kevin McReynolds
|
0-0: Fly out, F8 (Line Drive, 8RM, EV 90.0 MPH)
|
Batting: RHB Tim Teufel
|
0-0: Ball 1-0: Swinging Strike 1-1: SINGLE (Line Drive, 9LS, EV 101.3 MPH) Ozzie Smith to third Runner from 3rd tries for Home, SAFE, throw by RF to home
|
Batting: RHB Steve Henderson
|
0-0: Ball Wild Pitch! Tim Teufel to second 1-0: Foul Ball, location: 2F 1-1: Ball 2-1: Ball 3-1: Foul Ball, location: 2F 3-2: Base on Balls
|
Batting: LHB Ryan MacFarland
|
0-0: SINGLE (Groundball, 34D, EV 94.4 MPH) Tim Teufel to third Steve Henderson to second Runner from 3rd tries for Home, SAFE, throw by RF to home Steve Henderson to third Ryan MacFarland to second
|
Batting: RHB Mike Heath
|
0-0: Called Strike 0-1: Ball 1-1: Ground out 5-3 (Groundball, 56, EV 106.9 MPH)
|
Top of the 1st over - 2 runs, 3 hits, 0 errors, 2 left on base; Chicago 2 - Baltimore 0 |
BOTTOM OF THE 1ST |
Baltimore Orioles batting - Pitching for Chicago White Sox : RHP Ray Corbin
|
Pitching: RHP Ray Corbin
|
|
Batting: SHB Willie McGee
|
0-0: Ball 1-0: Foul Ball, location: 2F 1-1: Ball 2-1: Ground out 3-1 (Groundball, 34S, EV 82.5 MPH)
|
Batting: SHB Johnny Ray
|
0-0: Called Strike 0-1: Ball 1-1: Ball 2-1: DOUBLE (Line Drive, 8RD, EV 95.6 MPH)
|
Batting: LHB Dave Parker
|
0-0: Called Strike 0-1: Ball 1-1: Ground out 6-3 (Groundball, 6, EV 106.3 MPH)
|
Batting: RHB Dwight Evans
|
0-0: Ball Wild Pitch! Johnny Ray to third 1-0: Called Strike 1-1: Ball 2-1: Foul Ball, location: 2F 2-2: Foul Ball, location: 2F 2-2: Foul Ball, location: 2F 2-2: Ground out 4-3 (Groundball, 34D, EV 87.5 MPH)
|
Bottom of the 1st over - 0 runs, 1 hit, 0 errors, 1 left on base; Chicago 2 - Baltimore 0 |
TOP OF THE 2ND |
Chicago White Sox batting - Pitching for Baltimore Orioles : RHP Danny Cox
|
Batting: RHB Jim Wynn
|
0-0: Ball 1-0: Called Strike 1-1: Ball 2-1: Ball 3-1: SINGLE (Groundball, 56D, EV 103.1 MPH)
|
Batting: LHB Steve Christmas
|
0-0: Ball 1-0: Swinging Strike 1-1: SINGLE (Groundball, 4MD, EV 105.6 MPH) Jim Wynn to second Runner from 2nd tries for 3rd, SAFE, throw by CF made to third
|
Batting: SHB Ozzie Smith
|
0-0: Foul Ball, location: 2F 0-1: Ball 1-1: Fielders Choice at 2nd, 4-6 (Groundball, 4S, EV 80.6 MPH) Jim Wynn scores
|
Batting: SHB Dwayne Taggart
|
0-0: Called Strike 0-1: Ball 1-1: Ball 2-1: SINGLE (Flyball, 56D, EV 89.4 MPH) Ozzie Smith to second
|
Batting: RHB Kevin McReynolds
|
0-0: Foul Ball, location: 2F 0-1: Foul Ball, location: 2F 0-2: Fly out, F7 (Flyball, 7S, EV 90.0 MPH)
|
Batting: RHB Tim Teufel
|
0-0: Ball 1-0: Foul Ball, location: 2F 1-1: Called Strike 1-2: Reached on error, E4 (Groundball, 4, EV 83.8 MPH) Ozzie Smith scores Dwayne Taggart to third
|
Batting: RHB Steve Henderson
|
0-0: Foul Ball, location: 2F 0-1: Ball 1-1: Ball 2-1: Fly out, F6 (Popup, P, EV 81.9 MPH)
|
Top of the 2nd over - 2 runs, 3 hits, 1 error, 2 left on base; Chicago 4 - Baltimore 0 |
BOTTOM OF THE 2ND |
Baltimore Orioles batting - Pitching for Chicago White Sox : RHP Ray Corbin
|
Batting: LHB Fred Lynn
|
0-0: Called Strike 0-1: Ball 1-1: Fly out, F4 (Flyball, 34D, EV 81.9 MPH)
|
Batting: SHB Steve R Ontiveros
|
0-0: Called Strike 0-1: Foul Ball, location: 2F 0-2: SINGLE (Groundball, 4MD, EV 106.3 MPH)
|
Batting: RHB Matt Rice
|
0-0: Ball 1-0: Swinging Strike 1-1: SINGLE (Groundball, 4MD, EV 103.8 MPH) Steve R Ontiveros to second Runner from 2nd tries for 3rd, SAFE, no throw by CF
|
Batting: RHB Dennis Werth
|
0-0: Ball 1-0: Foul Ball, location: 2F 1-1: Ball 2-1: Ball 3-1: SINGLE (Line Drive, 78S, EV 98.8 MPH) Steve R Ontiveros scores Matt Rice to second Runner from 2nd tries for 3rd, SAFE, throw by CF made to third
|
Batting: RHB Marty G Barrett
|
0-0: Foul Ball, location: 2F 0-1: Swinging Strike 0-2: SINGLE (Line Drive, 9LS, EV 93.8 MPH) Matt Rice scores Dennis Werth to second Runner from 2nd tries for 3rd, SAFE, throw by RF made to third
|
Batting: SHB Willie McGee
|
0-0: Ball Marty G Barrett steals 2nd base 1-0: Called Strike 1-1: Ball 2-1: SINGLE (Flyball, 89S, EV 90.0 MPH) Dennis Werth scores Marty G Barrett to third
|
Batting: SHB Johnny Ray
|
0-0: Ball 1-0: Called Strike Willie McGee steals 2nd base (no throw) 1-1: Ball 2-1: Fly out, F7 (Line Drive, 7D, EV 91.9 MPH) Throwing error, E7 Marty G Barrett scores Willie McGee to third
|
Batting: LHB Dave Parker
|
0-0: Ball 1-0: Swinging Strike 1-1: Called Strike 1-2: Foul Ball, location: 2F 1-2: Ball 2-2: Strikes out swinging
|
Bottom of the 2nd over - 4 runs, 5 hits, 1 error, 1 left on base; Chicago 4 - Baltimore 4 |
TOP OF THE 3RD |
Chicago White Sox batting - Pitching for Baltimore Orioles : RHP Danny Cox
|
Batting: LHB Ryan MacFarland
|
0-0: Called Strike 0-1: Swinging Strike 0-2: Foul Ball, location: 2F 0-2: Fly out, F7 (Flyball, 7LS, EV 96.9 MPH)
|
Batting: RHB Mike Heath
|
0-0: Foul Ball, location: 2F 0-1: Ball 1-1: SOLO HOME RUN (Flyball, 78XD, EV 104.4 MPH), Distance : 436 ft
|
Batting: RHB Jim Wynn
|
0-0: Ball 1-0: Called Strike 1-1: Ball 2-1: Ball 3-1: Foul Ball, location: 2F 3-2: Strikes out swinging
|
Batting: LHB Steve Christmas
|
0-0: Foul Ball, location: 2F 0-1: Foul Ball, location: 2F 0-2: Strikes out looking
|
Top of the 3rd over - 1 run, 1 hit, 0 errors, 0 left on base; Chicago 5 - Baltimore 4 |
BOTTOM OF THE 3RD |
Baltimore Orioles batting - Pitching for Chicago White Sox : RHP Ray Corbin
|
Batting: RHB Dwight Evans
|
0-0: Ball 1-0: Ball 2-0: Called Strike 2-1: Foul Ball, location: 2F 2-2: SINGLE (Line Drive, 89S, EV 106.3 MPH)
|
Batting: LHB Fred Lynn
|
0-0: Ball 1-0: Ball 2-0: Called Strike 2-1: SINGLE (Groundball, 56D, EV 96.3 MPH) Dwight Evans to second
|
Batting: SHB Steve R Ontiveros
|
0-0: Ball 1-0: Foul Ball, location: 2F 1-1: Ball 2-1: Ball 3-1: Fielders Choice at 2nd, 6-4 (Groundball, 6M, EV 83.1 MPH) Dwight Evans to third
|
Batting: RHB Matt Rice
|
0-0: Called Strike 0-1: Swinging Strike 0-2: Foul Ball, location: 2F 0-2: Ball 1-2: Foul Ball, location: 2F 1-2: Foul Ball, location: 2F 1-2: Fielders Choice at 2nd, 5-4 (Groundball, 5S, EV 92.5 MPH) Dwight Evans scores
|
Batting: RHB Dennis Werth
|
0-0: Fly out, F4 (Popup, 34D, EV 51.9 MPH)
|
Bottom of the 3rd over - 1 run, 2 hits, 0 errors, 1 left on base; Chicago 5 - Baltimore 5 |
TOP OF THE 4TH |
Chicago White Sox batting - Pitching for Baltimore Orioles : RHP Danny Cox
|
Batting: SHB Ozzie Smith
|
0-0: Ball 1-0: Ball 2-0: Called Strike 2-1: Foul Ball, location: 2F 2-2: Foul Ball, location: 2F 2-2: Foul Ball, location: 2F 2-2: Ball 3-2: Foul Ball, location: 2F 3-2: Base on Balls
|
Batting: SHB Dwayne Taggart
|
0-0: DOUBLE (Line Drive, 78XD, EV 108.8 MPH) Ozzie Smith to third Runner from 3rd tries for Home, SAFE, throw by LF to home
|
Batting: RHB Kevin McReynolds
|
0-0: Ball 1-0: Ball 2-0: Called Strike 2-1: Fly out, F7 (Flyball, 7, EV 88.1 MPH)
|
Batting: RHB Tim Teufel
|
0-0: Called Strike Dwayne Taggart steals 3rd base 0-1: Swinging Strike 0-2: Ball 1-2: Strikes out looking
|
Batting: RHB Steve Henderson
|
0-0: Called Strike 0-1: Ball 1-1: Called Strike 1-2: Ball 2-2: Ball 3-2: Foul Ball, location: 2F 3-2: Foul Ball, location: 2F 3-2: Foul Ball, location: 2F 3-2: Base on Balls
|
Batting: LHB Ryan MacFarland
|
0-0: Ball Steve Henderson steals 2nd base 1-0: Ball 2-0: Called Strike 2-1: Ground out 6-3 (Groundball, 6M, EV 101.3 MPH)
|
Top of the 4th over - 1 run, 1 hit, 0 errors, 2 left on base; Chicago 6 - Baltimore 5 |
BOTTOM OF THE 4TH |
Baltimore Orioles batting - Pitching for Chicago White Sox : RHP Ray Corbin
|
Batting: RHB Marty G Barrett
|
0-0: Ball 1-0: DOUBLE (Line Drive, 8LD, EV 108.8 MPH)
|
Batting: SHB Willie McGee
|
0-0: Called Strike 0-1: Ball 1-1: Called Strike 1-2: SINGLE (Flyball, 4D, EV 93.8 MPH) Marty G Barrett to third
|
Pitching: LHP Jerry O'Neill
|
|
Batting: SHB Johnny Ray
|
0-0: Ball Willie McGee is caught stealing 2nd base 2-4 1-0: Foul Ball, location: 2F 1-1: Called Strike 1-2: Ball 2-2: Fly out, F7 (Flyball, 7, EV 90.0 MPH) Runner from 3rd tags up, SCORES, throw by LF
|
Batting: LHB Dave Parker
|
0-0: Fly out, F5 (Popup, 25F, EV 84.4 MPH)
|
Bottom of the 4th over - 1 run, 2 hits, 0 errors, 0 left on base; Chicago 6 - Baltimore 6 |
TOP OF THE 5TH |
Chicago White Sox batting - Pitching for Baltimore Orioles : RHP Danny Cox
|
Batting: RHB Mike Heath
|
0-0: Ground out 5-3 (Groundball, 56S, EV 88.8 MPH)
|
Batting: RHB Jim Wynn
|
0-0: Foul Ball, location: 2F 0-1: Ball 1-1: Called Strike 1-2: Ball 2-2: Ground out 5-3 (Groundball, 56, EV 82.5 MPH)
|
Batting: LHB Steve Christmas
|
0-0: Ball 1-0: Ball 2-0: Foul Ball, location: 2F 2-1: Called Strike 2-2: Ball 3-2: DOUBLE (Flyball, 8LXD, EV 114.4 MPH)
|
Pitching: RHP Robert Weismore
|
|
Batting: SHB Ozzie Smith
|
0-0: Foul Ball, location: 2F 0-1: Called Strike 0-2: Ball 1-2: Ball 2-2: Fly out, F8 (Flyball, 8LD, EV 95.6 MPH)
|
Top of the 5th over - 0 runs, 1 hit, 0 errors, 1 left on base; Chicago 6 - Baltimore 6 |
BOTTOM OF THE 5TH |
Baltimore Orioles batting - Pitching for Chicago White Sox : LHP Jerry O'Neill
|
Batting: RHB Dwight Evans
|
0-0: Called Strike 0-1: Foul Ball, location: 2F 0-2: Ball 1-2: Foul Ball, location: 2F 1-2: Ball 2-2: Foul Ball, location: 2F 2-2: Fly out, F3 (Popup, 23F, EV 86.9 MPH)
|
Batting: LHB Fred Lynn
|
0-0: Called Strike 0-1: Swinging Strike 0-2: Ball 1-2: Ball 2-2: Fly out, F7 (Flyball, 78S, EV 85.6 MPH)
|
Batting: SHB Steve R Ontiveros
|
0-0: Ball 1-0: Ball 2-0: Called Strike 2-1: Ball 3-1: Foul Ball, location: 2F 3-2: Base on Balls
|
Batting: RHB Matt Rice
|
0-0: Fly out, F8 (Flyball, 8RD, EV 96.9 MPH)
|
Bottom of the 5th over - 0 runs, 0 hits, 0 errors, 1 left on base; Chicago 6 - Baltimore 6 |
TOP OF THE 6TH |
Chicago White Sox batting - Pitching for Baltimore Orioles : RHP Robert Weismore
|
Batting: SHB Dwayne Taggart
|
0-0: Called Strike 0-1: Ground out U3 (Groundball, 13, EV 78.1 MPH)
|
Batting: RHB Kevin McReynolds
|
0-0: Ball 1-0: Ground out 4-3 (Groundball, 34, EV 85.0 MPH)
|
Batting: RHB Tim Teufel
|
0-0: Ball 1-0: Ball 2-0: Ball 3-0: Called Strike 3-1: Base on Balls
|
Batting: RHB Steve Henderson
|
0-0: Fly out, F8 (Flyball, 8RM, EV 95.6 MPH)
|
Top of the 6th over - 0 runs, 0 hits, 0 errors, 1 left on base; Chicago 6 - Baltimore 6 |
BOTTOM OF THE 6TH |
Baltimore Orioles batting - Pitching for Chicago White Sox : LHP Jerry O'Neill
|
Batting: RHB Dennis Werth
|
0-0: Ball 1-0: Fly out, F7 (Flyball, 7S, EV 93.8 MPH)
|
Batting: RHB Marty G Barrett
|
0-0: SINGLE (Groundball, 6MD, EV 107.5 MPH)
|
Batting: SHB Willie McGee
|
0-0: Called Strike 0-1: Ball 1-1: Foul Ball, location: 2F 1-2: Ball 2-2: Fly out, F9 (Line Drive, 9, EV 96.9 MPH)
|
Batting: SHB Johnny Ray
|
0-0: Ball 1-0: Ball 2-0: Ball 3-0: Swinging Strike 3-1: Called Strike 3-2: Foul Ball, location: 2F 3-2: Base on Balls Marty G Barrett to second
|
Batting: LHB Dave Parker
|
0-0: Called Strike 0-1: Ball 1-1: Ball 2-1: Ground out U3 (Groundball, 34S, EV 68.8 MPH)
|
Bottom of the 6th over - 0 runs, 1 hit, 0 errors, 2 left on base; Chicago 6 - Baltimore 6 |
TOP OF THE 7TH |
Chicago White Sox batting - Pitching for Baltimore Orioles : RHP Robert Weismore
|
Batting: LHB Ryan MacFarland
|
0-0: Ball 1-0: Called Strike 1-1: Ball 2-1: Ground out 4-3 (Groundball, 4M, EV 96.9 MPH)
|
Batting: RHB Mike Heath
|
0-0: Fly out, F7 (Flyball, 78M, EV 93.8 MPH)
|
Batting: RHB Jim Wynn
|
0-0: Called Strike 0-1: Foul Ball, location: 2F 0-2: Fly out, F9 (Flyball, 9D, EV 98.1 MPH)
|
Top of the 7th over - 0 runs, 0 hits, 0 errors, 0 left on base; Chicago 6 - Baltimore 6 |
BOTTOM OF THE 7TH |
Baltimore Orioles batting - Pitching for Chicago White Sox : LHP Jerry O'Neill
|
Batting: RHB Dwight Evans
|
0-0: Called Strike 0-1: Ball 1-1: Ball 2-1: Called Strike 2-2: Ball 3-2: Fly out, F7 (Flyball, 78D, EV 104.4 MPH)
|
Batting: LHB Fred Lynn
|
0-0: Called Strike 0-1: Ball 1-1: Ball 2-1: Fly out, F5 (Line Drive, 5, EV 66.3 MPH)
|
Pitching: LHP Gary Christophel
|
|
Batting: SHB Steve R Ontiveros
|
0-0: Foul Ball, location: 2F 0-1: Foul Ball, location: 2F 0-2: Ball 1-2: Ball 2-2: Foul Ball, location: 2F 2-2: DOUBLE (Line Drive, 7LM, EV 95.6 MPH)
|
Batting: RHB Matt Rice
|
0-0: Ball 1-0: SINGLE (Groundball, 56S, EV 66.3 MPH) (infield hit) Steve R Ontiveros to third
|
Batting: RHB Dennis Werth
|
0-0: Ball 1-0: Called Strike 1-1: Fly out, F4 (Popup, 4D, EV 63.1 MPH)
|
Bottom of the 7th over - 0 runs, 2 hits, 0 errors, 2 left on base; Chicago 6 - Baltimore 6 |
TOP OF THE 8TH |
Chicago White Sox batting - Pitching for Baltimore Orioles : RHP Robert Weismore
|
Pitching: LHP Dave LaRoche
|
|
Batting: LHB Steve Christmas
|
0-0: Ball 1-0: Ball 2-0: Called Strike 2-1: Swinging Strike 2-2: Foul Ball, location: 2F 2-2: Strikes out swinging
|
Batting: SHB Ozzie Smith
|
0-0: Ball 1-0: Called Strike 1-1: Ground out 5-3 (Groundball, 56S, EV 87.5 MPH)
|
Batting: SHB Dwayne Taggart
|
0-0: Foul Ball, location: 2F 0-1: Ball 1-1: Called Strike 1-2: Ball 2-2: Ball 3-2: Base on Balls
|
Pitching: RHP Dave Patterson
|
|
Batting: RHB Kevin McReynolds
|
0-0: Ball Dwayne Taggart steals 2nd base 1-0: Foul Ball, location: 2F 1-1: Swinging Strike 1-2: Ball 2-2: Strikes out swinging
|
Top of the 8th over - 0 runs, 0 hits, 0 errors, 1 left on base; Chicago 6 - Baltimore 6 |
BOTTOM OF THE 8TH |
Baltimore Orioles batting - Pitching for Chicago White Sox : LHP Gary Christophel
|
Batting: RHB Marty G Barrett
|
0-0: Ball 1-0: Ball 2-0: Ball 3-0: Called Strike 3-1: Foul Ball, location: 2F 3-2: Base on Balls
|
Batting: SHB Willie McGee
|
0-0: Called Strike 0-1: Ball 1-1: Ball 2-1: Bunted foul 2-2: Ball 3-2: Foul Ball, location: 2F 3-2: Fly out, F9 (Flyball, 9LS, EV 95.6 MPH)
|
Batting: SHB Johnny Ray
|
0-0: Ball 1-0: Fly out, F8 (Line Drive, 8LD, EV 91.3 MPH)
|
Batting: LHB Dave Parker
|
0-0: Called Strike 0-1: Swinging Strike 0-2: Foul Ball, location: 2F 0-2: Ball 1-2: Foul Ball, location: 2F 1-2: Foul Ball, location: 2F 1-2: Strikes out looking
|
Bottom of the 8th over - 0 runs, 0 hits, 0 errors, 1 left on base; Chicago 6 - Baltimore 6 |
TOP OF THE 9TH |
Chicago White Sox batting - Pitching for Baltimore Orioles : RHP Dave Patterson
|
Batting: RHB Tim Teufel
|
0-0: Swinging Strike 0-1: Ball 1-1: Ball 2-1: Called Strike 2-2: Strikes out swinging
|
Batting: RHB Steve Henderson
|
0-0: Ball 1-0: Swinging Strike 1-1: Ball 2-1: Fly out, F9 (Line Drive, 9D, EV 102.5 MPH)
|
Batting: LHB Ryan MacFarland
|
0-0: Ball 1-0: Foul Ball, location: 2F 1-1: Called Strike 1-2: Strikes out swinging
|
Top of the 9th over - 0 runs, 0 hits, 0 errors, 0 left on base; Chicago 6 - Baltimore 6 |
BOTTOM OF THE 9TH |
Baltimore Orioles batting - Pitching for Chicago White Sox : LHP Gary Christophel
|
Batting: RHB Dwight Evans
|
0-0: Ball 1-0: Ball 2-0: Ball 3-0: Base on Balls
|
Batting: LHB Fred Lynn
|
0-0: Ball 1-0: Ball 2-0: Ball 3-0: Called Strike 3-1: Foul Ball, location: 2F 3-2: Foul Ball, location: 2F 3-2: Base on Balls Dwight Evans to second
|
Pitching: RHP Dave A Campbell
|
|
Pinch Runner at 2nd Mike Hart:
|
|
Batting: SHB Steve R Ontiveros
|
0-0: Ball 1-0: Swinging Strike 1-1: SINGLE (Groundball, 34D, EV 101.9 MPH) Mike Hart to third Fred Lynn to second Runner from 3rd tries for Home, SAFE, throw by RF to home
|
Bottom of the 9th over - 1 run, 1 hit, 0 errors, 0 left on base; Chicago 6 - Baltimore 7 |
|